cohdb
Replays
Latest Replays
All Replays
Popular Replays
Top Player Replays
Match Explorer
How It Works
Community
CoH3 Stats
Reddit
Sign in to upload your games and track your stats! →
Sign in with Steam
Match 41959733
Unlisted
Match 41959733
Overview
Messages
Build Orders
End
Royal Engineer Section
Construct Section Command Post
Infantry Section
Infantry Section
Infantry Section
Construct Platoon Command Post
Humber Armored Car
Construct Field Infirmary
Selects Canadian Shock Battlegroup
Selects Attacking Spirit
Selects Canadian Shock Section
Selects Incendiary Munitions
Infantry Training
Canadian Shock Section
Canadian Shock Section
Grenade Package
Construct Company Command Post
Crusader II Medium Tank
Selects Pyrotechnics
Crusader II Medium Tank
HulkSMASH
T.R. 3nder
0
0
Comments
sign in to comment!
No comments posted yet!